 Dungeon Crawl Stone Soup version 0.18.1-6-gd335043 (webtiles) character file.

3660 Jerry the Cruncher (level 9, -43/68 HPs)
             Began as a Minotaur Gladiator on May 18, 2016.
             Annihilated by a hill giant
             ... wielding a +0 giant spiked club
              (66 damage)
             ... on level 7 of the Dungeon.
             The game lasted 00:21:34 (6367 turns).

Jerry the Cruncher (Minotaur Gladiator)             Turns: 6367, Time: 00:21:34

Health: -43/68     AC: 12    Str: 23    XL:     9   Next: 89%
Magic:  17/17      EV: 11    Int:  5    God:
Gold:   416        SH:  0    Dex: 11    Spells: 0 memorised, 8 levels left

rFire  . . .     SeeInvis .     s - +3 quarterstaff (chaos)
rCold  . . .     Gourm    .     J - +0 scale mail
rNeg   . . .     Faith    .     (shield currently unavailable)
rPois  .         Spirit   .     c - +0 hat
rElec  .         Dismiss  .     w - +0 cloak (curse)
rCorr  .         Reflect  .     t - +0 pair of gloves
SustAt .         Harm     .     (no boots)
MR     .....                    (no amulet)
Stlth  ..........               E - ring of magical power
                                n - ring of flight

@: not resistant to hostile enchantments, extremely unstealthy
A: retaliatory headbutt, horns 2
a: Evoke Flight


You were on level 7 of the Dungeon.
You were not hungry.

You visited 2 branches of the dungeon, and saw 8 of its levels.

You collected 416 gold pieces.

Inventory:

Hand Weapons
 a - a +2 flail of protection
 i - a +3 mace
 s - a +3 quarterstaff of chaos (weapon)
 L - a +0 whip of freezing
Missiles
 d - 4 throwing nets (quivered)
Armour
 c - a +0 hat (worn)
 t - a +0 pair of gloves (worn)
 w - a cursed +0 cloak (worn)
 J - a +0 scale mail (worn)
Jewellery
 n - a ring of flight (left hand)
 E - a ring of magical power (right hand)
Wands
 A - a wand of flame (3/48)
Scrolls
 b - a scroll of random uselessness {unknown}
 e - 7 scrolls of identify
 h - 3 scrolls of amnesia {unknown}
 j - 3 scrolls of teleportation {unknown}
 k - 2 scrolls of noise {unknown}
 m - 4 scrolls of recharging {unknown}
 o - 7 scrolls of remove curse {unknown}
 p - 3 scrolls of enchant weapon {unknown}
 x - a scroll of fog {unknown}
 y - a scroll of blinking {unknown}
 B - a scroll of magic mapping {unknown}
 D - a scroll of fear {unknown}
 F - a scroll of enchant armour {unknown}
Potions
 g - 4 potions of brilliance
 l - 4 potions of curing
 u - 2 potions of mutation {unknown}
 v - a potion of degeneration {unknown}
 G - a potion of ambrosia {unknown}
 I - 2 potions of flight {unknown}
 K - a potion of haste {unknown}
Books
 q - a book of the Tempests

   Spells                             Type                      Level
   a - Static Discharge               Conjuration/Air              3
   b - Lightning Bolt                 Conjuration/Air              5
   c - Fireball                       Conjuration/Fire             5
   d - Tornado                        Air                          9
   e - Shatter                        Earth                        9
Comestibles
 f - 5 bread rations
 r - 3 beef jerkies
 z - 2 slices of pizza
 C - 2 fruits
 H - a meat ration
 M - a chunk of flesh


   Skills:
 - Level 2.4 Fighting
 + Level 1.6(8.0) Maces & Flails
 - Level 12.1 Staves
 - Level 2.0 Throwing
 + Level 11.7 Armour
 - Level 3.2 Dodging


You had 8 spell levels left.
You didn't know any spells.

Dungeon Overview and Level Annotations

Branches:
Dungeon (7/15)             Temple (1/1) D:6

Altars:
Ashenzari
Cheibriados
Dithmenos
Elyvilon
Fedhas
Gozag
Kikubaaqudgha
Makhleb
Nemelex Xobeh
Okawaru
Ru
Sif Muna
Trog
Vehumet
Yredelemnul
Zin
Lugonu


Innate Abilities, Weirdness & Mutations

You reflexively headbutt those who attack you in melee.
You have a pair of horns on your head.


Message History

Ouch! That really hurt!
You hit the hill giant but do no damage.
The hill giant goes berserk!
The hill giant is lightly wounded.
The hill giant hits you with a giant spiked club!
You sock the hill giant!
There is a sudden explosion of sparks!
The hill giant is heavily wounded.
You sock the hill giant! You freeze the hill giant.
You headbutt the hill giant.
The hill giant is severely wounded.
The hill giant barely misses you.
You hit the hill giant.
The hill giant is poisoned.
You headbutt the hill giant, but do no damage.
The hill giant is severely wounded.
The hill giant closely misses you.
You barely miss the hill giant.
The hill giant is severely wounded.
The hill giant hits you with a giant spiked club!!!
Ouch! That really hurt!
You die...

#.. ### #.. ##.######
######........
#.....#.#####.
#####.###.#.# #. #.....#
#.#.# #. #.###.###...# #.
########@# #.....### #.
#......C.# ####### #.
#.######## #. #.# #. ##
#.## ####.
.....##################....
.#........................
... ######.###.#####.... #
#.# #.# #.# ##...


You could see a hill giant (berserk).

Vanquished Creatures
  Pikel (D:7)
  The ghost of Jerry the Protected, a novice DgFi (D:6)
  Sigmund (D:3)
  A hippogriff (D:7)
  2 sky beasts
  2 ice beasts
  5 ogres
  4 centaurs
  5 giant frogs
  A scorpion (D:4)
  3 crimson imps
  A quasit (D:5)
  A giant frog skeleton (D:7)
  2 hounds (D:6)
  6 orc wizards
  3 orc priests
  Crazy Yiuf (D:2)
  Ijyb (D:2)
  Natasha (thrice) (D:2)
  6 worker ants
  A hound zombie (D:5)
  A worker ant zombie (D:6)
  9 adders
  10 gnolls
  A shadow imp (D:5)
  An adder skeleton (D:5)
  9 dart slugs
  3 giant geckos
  8 orcs
  9 bats
  5 giant cockroaches
  6 goblins
  4 hobgoblins
  12 jackals
  4 quokkas
  2 ball pythons
  9 giant newts
  8 kobolds
  A quokka skeleton (D:4)
  8 rats
161 creatures vanquished.

Vanquished Creatures (others)
  3 slaves (D:7)
  An orc (D:7)
4 creatures vanquished.

Grand Total: 165 creatures vanquished

Notes
Turn   | Place    | Note
--------------------------------------------------------------
     0 | D:1      | Jerry the Minotaur Gladiator began the quest for the Orb.
     0 | D:1      | Reached XP level 1. HP: 18/18 MP: 0/0
    26 | D:1      | Reached skill level 1 in Armour
   205 | D:1      | Reached skill level 4 in Staves
   212 | D:1      | Reached XP level 2. HP: 24/25 MP: 1/1
   561 | D:1      | Reached XP level 3. HP: 29/30 MP: 2/2
   725 | D:2      | Noticed Natasha
   731 | D:2      | Killed Natasha
   894 | D:2      | Reached skill level 5 in Staves
   895 | D:2      | Reached XP level 4. HP: 29/37 MP: 3/3
  1187 | D:2      | Noticed Natasha
  1188 | D:2      | Noticed Ijyb
  1202 | D:2      | Killed Natasha
  1203 | D:2      | Killed Ijyb
  1530 | D:2      | Found a bloodstained altar of Trog.
  1531 | D:2      | Found a white marble altar of Elyvilon.
  1679 | D:2      | Noticed Natasha
  1683 | D:2      | Killed Natasha
  1683 | D:2      | Reached XP level 5. HP: 28/42 MP: 4/4
  1926 | D:2      | Noticed Crazy Yiuf
  1931 | D:2      | Killed Crazy Yiuf
  2120 | D:3      | Reached skill level 6 in Staves
  2381 | D:3      | Reached XP level 6. HP: 41/50 MP: 5/5
  2407 | D:3      | Found an iron altar of Okawaru.
  2428 | D:3      | Noticed Sigmund
  2902 | D:3      | Killed Sigmund
  2902 | D:3      | Reached skill level 7 in Staves
  2902 | D:3      | Reached skill level 5 in Armour
  3196 | D:4      | Found a radiant altar of Vehumet.
  3196 | D:4      | Found an iron altar of Okawaru.
  3196 | D:4      | Found a sparkling altar of Nemelex Xobeh.
  3452 | D:4      | Found a sacrificial altar of Ru.
  3496 | D:4      | Found an opulent altar of Gozag.
  3618 | D:4      | Reached XP level 7. HP: 56/56 MP: 6/6
  4058 | D:5      | Entered Level 5 of the Dungeon
  4231 | D:5      | Reached skill level 8 in Staves
  4464 | D:5      | Reached XP level 8. HP: 15/62 MP: 7/7
  4733 | D:5      | Reached skill level 9 in Staves
  5036 | D:6      | Reached skill level 10 in Staves
  5054 | D:6      | Noticed Jerry's ghost (novice DgFi)
  5073 | D:6      | Killed Jerry's ghost
  5073 | D:6      | Reached skill level 10 in Armour
  5073 | D:6      | Reached XP level 9. HP: 57/68 MP: 8/8
  5123 | D:6      | Found a deep blue altar of Sif Muna.
  5432 | D:6      | Reached skill level 11 in Staves
  5446 | D:6      | Found a staircase to the Ecumenical Temple.
  5606 | Temple   | Entered the Ecumenical Temple
  6093 | D:7      | Noticed Pikel
  6101 | D:7      | Killed Pikel
  6101 | D:7      | Reached skill level 12 in Staves
  6196 | D:7      | Reached skill level 1 in Maces & Flails
  6355 | D:7      | Noticed a hill giant
  6367 | D:7      | Annihilated by a hill giant

Skill      XL: |  1  2  3  4  5  6  7  8  9 |
---------------+----------------------------+-----
Armour         | 1 2 3 4 6 7 10 11 | 11.7
Staves         | 4 5 6 7 8 10 12 | 12.1
Maces & Flails | 1 |  1.6
Fighting       | |  2.4
Throwing       | |  2.0
Dodging        | |  3.2

Action                   |  1- 3 |  4- 6 |  7- 9 || total
-------------------------+-------+-------+-------++-------
Melee: Quarterstaff      |    27 |    77 |   226 ||   330
       Headbutt          |    11 |    14 |    45 ||    70
       Mace              |    43 |    20 |       ||    63
       Unarmed           |       |     1 |       ||     1
       Whip              |       |       |    28 ||    28
Throw: Throwing net      |       |     2 |     2 ||     4
  Use: Scroll            |       |     3 |       ||     3
       Potion            |       |     1 |       ||     1
 Stab: Confused          |       |     2 |     1 ||     3
       Petrifying        |       |     1 |       ||     1
  Eat: Chunk             |       |     9 |     9 ||    18
Armor: Leather armour    |    32 |    23 |       ||    55
       Ring mail         |       |       |    47 ||    47
       Scale mail        |       |       |    54 ||    54
Dodge: Dodged            |    60 |    50 |   127 ||   237
